 Dungeon Crawl Stone Soup version 0.20.1-1-g8b1a95d (webtiles) character file.

3166 McKennaii the Zephyrmancer (level 9, -3/48 HPs)
             Began as a Tengu Air Elementalist on Aug 3, 2017.
             Was a Follower of Vehumet.
             Slain by an ogre
             ... wielding a +0 giant club
              (31 damage)
             ... on level 7 of the Dungeon.
             The game lasted 00:24:19 (9738 turns).

McKennaii the Zephyrmancer (Tengu Air Elementalist) Turns: 9738, Time: 00:24:19

Health: -3/48      AC:  5    Str:  8    XL:     9   Next: 94%
Magic:  2/20       EV: 13    Int: 19    God:    Vehumet [*.....]
Gold:   406        SH:  0    Dex: 15    Spells: 9/21 levels left

rFire    . . .     SeeInvis .   (no weapon)
rCold    . . .     Gourm    .   (no shield)
rNeg     . . .     Faith    .   a - +0 robe
rPois    .         Spirit   .   (helmet restricted)
rElec    .         Reflect  .   (no cloak)
rCorr    .         Harm     .   F - +2 pair of gloves
MR       +....                  (boots unavailable)
Stlth    ++........             (no amulet)
Regen    0.2/turn               D - ring of protection from magic
MPRegen  0.2/turn               (no ring)

@: about to teleport, hasted, very quick
A: beak, talons 3, able to fly 1
a: Fly, Renounce Religion


You were on level 7 of the Dungeon.
You worshipped Vehumet.
Vehumet was aware of your devotion.
You were not hungry.

You visited 2 branches of the dungeon, and saw 8 of its levels.
You also visited: Ossuary.

You collected 406 gold pieces.

Inventory:

Armour
 a - a +0 robe (worn)
 F - a +2 pair of gloves (worn)
Jewellery
 D - a ring of protection from magic (left hand)
Wands
 t - a wand of digging (1/24)
 y - a wand of iceblast (6/15)
Scrolls
 e - 4 scrolls of amnesia
 f - 9 scrolls of identify
 h - a scroll of immolation {unknown}
 j - 2 scrolls of magic mapping {unknown}
 l - 2 scrolls of random uselessness {unknown}
 o - 3 scrolls of enchant armour {unknown}
 r - a scroll of recharging {unknown}
 s - 4 scrolls of teleportation
 x - a scroll of holy word {unknown}
 z - a scroll of blinking {unknown}
 B - a scroll of fear {unknown}
 C - a scroll of enchant weapon {unknown}
Potions
 d - 3 potions of ambrosia
 i - a potion of invisibility
 m - a potion of might {unknown}
 n - 3 potions of heal wounds
 p - 4 potions of lignification
 u - a potion of mutation {unknown}
Books
 b - a book of Air

   Spells                             Type                      Level
   a - Shock                          Conjuration/Air              1
   b - Swiftness                      Charms/Air                   2
   c - Static Discharge               Conjuration/Air              3
   d - Airstrike                      Air                          4
   e - Lightning Bolt                 Conjuration/Air              5
 q - a book of Misfortune

   Spells                             Type                      Level
   a - Confusing Touch                Hexes                        1
   b - Confuse                        Hexes                        3
   c - Gell's Gravitas                Translocation                3
   d - Petrify                        Transmutation/Earth          4
   e - Metabolic Englaciation         Hexes/Ice                    5
   f - Yara's Violent Unravelling     Hexes/Transmutation          5
 v - a book of Changes

   Spells                             Type                      Level
   a - Beastly Appendage              Transmutation                1
   b - Sticks to Snakes               Transmutation                2
   c - Spider Form                    Transmutation/Poison         3
   d - Ice Form                       Ice/Transmutation            4
   e - Blade Hands                    Transmutation                5
 w - a book of Conjurations

   Spells                             Type                      Level
   a - Magic Dart                     Conjuration                  1
   b - Searing Ray                    Conjuration                  2
   c - Dazzling Spray                 Conjuration/Hexes            3
   d - Fulminant Prism                Conjuration/Hexes            4
   e - Force Lance                    Conjuration/Translocation    4
   f - Iskenderun's Mystic Blast      Conjuration                  4
Comestibles
 c - 5 bread rations
 k - a royal jelly
 A - 3 chunks of flesh


   Skills:
 + Level 1.6 Fighting
 + Level 3.1 Dodging
 + Level 2.8 Stealth
 + Level 6.8 Spellcasting
 + Level 8.0 Conjurations
 * Level 12.2 Air Magic


You had 9 spell levels left.
You knew the following spells:

 Your Spells              Type           Power        Failure   Level  Hunger
a - Shock                 Conj/Air       ####         1%          1    None
b - Swiftness             Chrm/Air       ####....     1%          2    None
c - Lightning Bolt        Conj/Air       #####.....   4%          5    #####..
d - Iskenderun's Mystic   Conj           #####...     3%          4    ###....


Dungeon Overview and Level Annotations

Branches:
Dungeon (7/15)             Temple (1/1) D:6

Altars:
Ashenzari
Cheibriados
Dithmenos
Elyvilon
Fedhas
Gozag
Hepliaklqana
Kikubaaqudgha
Makhleb
Nemelex Xobeh
Okawaru
Qazlal
Ru
Sif Muna
Trog
Uskayaw
Vehumet
Xom
Yredelemnul
Zin
The Shining One


Innate Abilities, Weirdness & Mutations

You have a beak for a mouth.
You have claws for feet.
You can fly.


Message History

Confirm with . or Enter, or press ? or * to list all spells.
Aiming: Iskenderun's Mystic Blast
Press: ? - help, Shift-Dir - straight line, f/p - sky beast
Aim: a sky beast (heavily wounded)
The orb of energy misses the sky beast.
As you read the scroll of teleportation, it crumbles to dust.
You feel strangely unstable.
You hit the sky beast but do no damage. You claw the sky beast.
The sky beast is severely wounded.
The sky beast flickers out of sight!
Deactivating autopickup; reactivate with Ctrl-A.
Something hits you but does no damage.
You hit something but do no damage. You barely miss something.
Your kick misses something. Your peck misses something. Something hits you.
Something shocks you.
Unknown command.
It was a potion of curing.
You feel better. The ogre hits you with a giant club!!
Ouch! That really hurt!
You die...

.............+ ...... ..
.#(.#.######## .... ...
.##.#.#..#####. #.####..##$.#.
............... ...<....>.....
.##.###..##### #.(# .#
..#.###..##### #@.# ..
............... ##..#.#
..#.####################.....#
#.....†........{@O...........#
#.###.###########............#
#.# #.######..).'....<..####.#
#.###......≈..###..)....# .#
#.............# #.......# .#
######........###......##
#......>..##......#
######.........##.......
.....'.........###.O....


You could see an ogre.

Vanquished Creatures
  The ghost of Ejeck the Carver, a novice MiFi (D:6)
  Joseph (D:7)
  The ghost of Peloso the Slasher, a novice DDFi of Okawaru (D:5)
  The ghost of Peloso the Shield-Bearer, an amateur DsFi (D:4)
  A centaur (D:6)
  2 bullfrogs (D:6)
  A scorpion (D:5)
  9 wights (D:6)
  3 crimson imps
  2 centaur zombies (Ossuary)
  A bullfrog zombie (D:5)
  3 hounds
  2 orc priests
  A jelly (D:6)
  A centaur skeleton (D:5)
  3 orc wizards
  Terence (D:2)
  7 worker ants
  Natasha (thrice) (D:2)
  3 big kobold zombies (Ossuary)
  4 mummies (Ossuary)
  2 worker ant zombies
  4 gnolls (D:6)
  14 adders
  A shadow imp (D:6)
  An ooze (D:3)
  A worm (D:2)
  5 dart slugs
  3 leopard geckos
  15 orcs
  4 ball pythons
  7 giant cockroaches
  8 goblins (D:2)
  8 hobgoblins
  11 jackals
  5 quokkas
  10 bats
  3 frilled lizards
  5 hobgoblin zombies (Ossuary)
  8 kobolds
  5 rats
171 creatures vanquished.

Notes
Turn   | Place    | Note
-------+----------+-------------------------------------------
     0 | D:1      | McKennaii the Tengu Air Elementalist began the quest for the Orb.
     0 | D:1      | Reached XP level 1. HP: 10/10 MP: 4/4
   348 | D:1      | Reached XP level 2. HP: 9/15 MP: 0/6
  1058 | D:2      | Reached skill level 5 in Air Magic
  1133 | D:2      | Reached XP level 3. HP: 15/19 MP: 0/7
  1777 | D:2      | Noticed Terence
  1791 | D:2      | Killed Terence
  1791 | D:2      | Reached XP level 4. HP: 15/24 MP: 0/8
  1870 | D:2      | Reached skill level 6 in Air Magic
  2088 | D:2      | Noticed Natasha
  2096 | D:2      | Killed Natasha
  2096 | D:2      | Gained mutation: You can fly. [Tengu growth]
  2096 | D:2      | Reached XP level 5. HP: 15/28 MP: 0/9
  2236 | D:2      | Noticed Natasha
  2241 | D:2      | Killed Natasha
  2415 | D:2      | Noticed Natasha
  2437 | D:2      | Killed Natasha
  2437 | D:2      | Reached skill level 7 in Air Magic
  3585 | D:3      | Reached XP level 6. HP: 33/33 MP: 4/11
  3674 | D:3      | Learned a level 2 spell: Swiftness
  3680 | D:3      | Learned a level 5 spell: Lightning Bolt
  5138 | D:4      | Noticed Peloso's ghost (amateur DsFi)
  5152 | D:4      | Killed Peloso's ghost
  5152 | D:4      | Reached skill level 8 in Air Magic
  5152 | D:4      | Reached XP level 7. HP: 18/37 MP: 5/13
  5543 | D:5      | Entered Level 5 of the Dungeon
  5576 | D:5      | Learned a level 4 spell: Iskenderun's Mystic Blast
  6035 | D:5      | Reached skill level 9 in Air Magic
  6177 | D:5      | Reached skill level 5 in Conjurations
  6378 | D:5      | Noticed Peloso's ghost (novice DDFi)
  6573 | D:5      | Killed Peloso's ghost
  6573 | D:5      | Reached skill level 1 in Fighting
  6573 | D:5      | Reached XP level 8. HP: 29/43 MP: 2/15
  6895 | D:6      | Found a staircase to the Ecumenical Temple.
  6900 | D:6      | Reached skill level 10 in Air Magic
  7081 | D:6      | Found a sand-covered staircase.
  7086 | Ossuary  | Entered an ossuary
  7090 | Ossuary  | Reached skill level 5 in Spellcasting
  7635 | D:6      | Noticed Ejeck's ghost (novice MiFi)
  7651 | Temple   | Entered the Ecumenical Temple
  7671 | Temple   | Became a worshipper of Vehumet
  7894 | D:5      | Reached XP level 9. HP: 43/48 MP: 12/18
  8186 | D:6      | Reached skill level 11 in Air Magic
  8587 | D:6      | Killed Ejeck's ghost
  8767 | D:6      | Reached * piety under Vehumet
  8767 | D:6      | Offered knowledge of Flame Tongue by Vehumet.
  9397 | D:7      | Noticed Joseph
  9623 | D:7      | Killed Joseph
  9623 | D:7      | Reached skill level 12 in Air Magic
  9738 | D:7      | Slain by an ogre

Skill      XL: |  1  2  3  4  5  6  7  8  9 |
---------------+----------------------------+-----
Air Magic      | 5 6 7 8 9 10 12 | 12.2
Conjurations   | 2 3 5 6 8 |  8.0
Spellcasting   | 3 4 5 6 |  6.8
Fighting       | 1 |  1.6
Dodging        | 3 |  3.1
Stealth        | |  2.8

Action                   |  1- 3 |  4- 6 |  7- 9 || total
-------------------------+-------+-------+-------++-------
Melee: Unarmed           |    17 |     6 |     5 ||    28
       Peck              |     1 |       |       ||     1
       Kick              |     2 |     2 |     1 ||     5
 Cast: Shock             |    79 |   149 |   258 ||   486
       Lightning Bolt    |       |       |    10 ||    10
       Swiftness         |       |       |     3 ||     3
       Iskenderun's Myst |       |       |     4 ||     4
  Use: Scroll            |     1 |     2 |     6 ||     9
       Potion            |       |     1 |     4 ||     5
  Eat: Chunk             |     4 |    11 |     9 ||    24
       Meat ration       |       |       |     2 ||     2
Armor: Robe              |     4 |     3 |     9 ||    16
Dodge: Dodged            |    21 |    38 |    48 ||   107
